 Dungeon Crawl Stone Soup version 0.31-a0-1029-ge8c24b2130 (webtiles) character file.

Game seed: 10725209157615751036

1781362 Anon1729 the Executioner (level 25, 245/245 HPs)
             Began as a Minotaur Monk on Nov 18, 2023.
             Was a High Priest of Trog.
             Escaped with the Orb
             ... and 3 runes on Nov 19, 2023!
             The game lasted 02:28:30 (59686 turns).

Anon1729 the Executioner (Minotaur Monk)           Turns: 59686, Time: 02:28:31

Health: 245/245    AC: 47    Str: 36    XL:     25   Next: 87%
Magic:  19/19      EV: 18    Int:  5    God:    Trog [*****.]
Gold:   3648       SH: 20    Dex: 20    Spells: 24/24 levels left

rFire   + + .        y - +5 broad axe of the Rattlesnake {flame, rElec Str+3 Stlth+}
rCold   + . .        I - +0 kite shield of Estrevae {*Corrode Dex+6 Slay+5 SInv}
rNeg    + . .        U - +10 crystal plate armour {rC+}
rPois   +            T - +1 hat "Haaghil" {Rampage Regen+}
rElec   +            x - scarf "Ecvoth" {+Inv, rF+ rN+}
rCorr   +            X - +3 pair of gloves "Ixonu" {Int+2 Stlth+}
SInv    +            Z - +0 pair of boots
Will    +++..        g - amulet of reflection
Stlth   +            E - ring of Afreitanu {Fire rElec rPois rCorr Str+6 Int-4}
HPRegen 1.40/turn    n - ring of the Seven Dreams {rPois Will+ Stlth+}
MPRegen 0.16/turn

%: corrode self (3%), reflection, clarity, rampage
@: studying 3 skills
A: horns 2, retaliatory headbutt, clarity, cold resistance 1, low MP 1,
strong-willed 1
0: Orb of Zot
}: 3/15 runes: barnacled, silver, gossamer
a: Renounce Religion, Evoke Invisibility, Berserk, Trog's Hand, Brothers in Arms


You escaped.
You worshipped Trog.
Trog was extremely pleased with you.
You visited 10 branches of the dungeon, and saw 48 of its levels.
You also visited: Sewer, Ossuary and Ice Cave.

You collected 6638 gold pieces.
You spent 2990 gold pieces at shops.

Inventory:

Hand Weapons
 j - a +9 broad axe of flaming
 y - the +5 broad axe of the Rattlesnake (weapon) {flame, rElec Str+3 Stlth+}
   (You bought it in a shop on level 3 of the Elven Halls)

   Str+3:     It affects your strength (+3).
   rElec:     It insulates you from electricity.
   Stlth+:    It makes you more stealthy.
 V - the +7 war axe "Uhock" {antimagic, rElec Dex+2}
   (You found it on level 5 of the Vaults)

   Dex+2:     It affects your dexterity (+2).
   rElec:     It insulates you from electricity.
Missiles
 w - 9 silver javelins
 F - 9 curare-tipped darts
 W - 9 throwing nets
Armour
 x - the scarf "Ecvoth" (worn) {+Inv, rF+ rN+}
   (You acquired it on level 2 of the Orcish Mines)

   rF+:       It protects you from fire.
   rN+:       It protects you from negative energy.
 I - the +0 kite shield of Estrevae (worn) {*Corrode Dex+6 Slay+5 SInv}
   (You found it on level 4 of the Vaults)

   Dex+6:     It affects your dexterity (+6).
   Slay+5:    It affects your accuracy & damage with ranged weapons and melee
   (+5).
   SInv:      It lets you see invisible.
   *Corrode:  It may corrode you when you take damage.
 T - the +1 hat "Haaghil" (worn) {Rampage Regen+}
   (You found it in an ice cave)

   Regen+:    It increases your rate of health regeneration.
   Rampage:   It bestows one free step when moving towards enemies.
 U - a +10 crystal plate armour of cold resistance (worn)
 X - the +3 pair of gloves "Ixonu" (worn) {Int+2 Stlth+}
   (You found it on level 3 of the Depths)

   Int+2:     It affects your intelligence (+2).
   Stlth+:    It makes you more stealthy.
 Z - a +0 pair of boots (worn)
Jewellery
 f - a +5 ring of evasion
 g - an amulet of reflection (around neck)
 n - the ring of the Seven Dreams (right hand) {rPois Will+ Stlth+}
   (You found it on level 4 of the Vaults)

   [ring of willpower]

   rPois:     It protects you from poison Will+: It increases your willpower.
   Stlth+:    It makes you more stealthy.
 A - a ring of positive energy
 E - the ring of Afreitanu (left hand) {Fire rElec rPois rCorr Str+6 Int-4}
   (You found it on level 3 of the Elven Halls)

   [ring of fire]

   Fire:      It enhances your fire magic.
   Str+6:     It affects your strength (+6).
   Int-4:     It affects your intelligence (-4).
   rF+:       It protects you from fire.
   rC-:       It makes you vulnerable to cold.
   rElec:     It insulates you from electricity.
   rPois:     It protects you from poison rCorr: It protects you from acid and
   corrosion.
 S - a ring of protection from cold
Wands
 d - a wand of quicksilver (13)
 v - a wand of iceblast (43)
 z - a wand of mindburst (48)
 C - a wand of flame (39)
 Q - a wand of paralysis (47)
 R - a wand of digging (15)
Scrolls
 b - 4 scrolls of poison
 e - 9 scrolls of noise
 m - 3 scrolls of butterflies
 p - 13 scrolls of revelation
 q - 11 scrolls of immolation
 r - 10 scrolls of vulnerability
 t - 5 scrolls of fog
 D - 4 scrolls of blinking
 J - 6 scrolls of fear
 M - 5 scrolls of silence
 N - 12 scrolls of teleportation
Potions
 c - 16 potions of ambrosia
 h - 13 potions of might
 i - 3 potions of cancellation
 k - 4 potions of heal wounds
 l - 7 potions of enlightenment
 s - 7 potions of invisibility
 u - 3 potions of berserk rage
 B - 18 potions of curing
 G - 4 potions of resistance
 H - 5 potions of mutation
 K - 2 potions of haste
 L - 7 potions of attraction
 O - 6 potions of magic
Miscellaneous
 a - a phantom mirror
 o - a lightning rod (4/4)
 P - a phial of floods
 Y - a box of beasts


   Skills:
 * Level 24.1 Fighting
 * Level 25.5 Axes
 + Level 15.8 Throwing
 * Level 23.8 Armour
 + Level 17.4 Dodging
 * Level 14.3 Stealth
 + Level 16.3 Shields
 * Level 16.4 Evocations


You had 24 spell levels left.
You didn't know any spells.
Your spell library contained the following spells:

 Spells                   Type           Power      Damage    Failure   Level
 Stone Arrow              Conj/Erth      0%         3d7       100%        3
 Animate Armour           Summ/Erth      0%         N/A       100%        4
 Lehudib's Crystal Spear  Conj/Erth      0%         10d2      100%        8


Dungeon Overview and Level Annotations

Branches:
Dungeon (15/15)            Temple (1/1) D:4            Lair (5/5) D:10
 Shoals (4/4) Lair:3       Spider (4/4) Lair:2        Slime (0/5) Lair:4
    Orc (2/2) D:9             Elf (3/3) Orc:2        Vaults (5/5) D:14
  Crypt (0/3) Vaults:2     Depths (4/4) D:15            Zot (5/5) Depths:4
  Sewer (visited)         Ossuary (visited)           IceCv (visited)

Altars:
Ashenzari
Cheibriados
Dithmenos
Elyvilon
Fedhas
Gozag
Hepliaklqana
Kikubaaqudgha
Makhleb
Nemelex Xobeh
Okawaru
Qazlal
Ru
Sif Muna
Trog
Uskayaw
Vehumet
Wu Jian
Xom
Yredelemnul
Zin
The Shining One

Shops:
Orc:2 !?:   Elf:1 [:*[   Elf:3 (   Vaults:2 !   Vaults:3 [[   Vaults:4 *
Depths:1 ?:=:   Depths:2 ![

Portals:
Hell: Depths:1 Depths:2 Depths:3 Depths:4
Abyss: Depths:3
Pandemonium: Depths:2
Ziggurat: Depths:3
Trove: D:12 (give 11 potions of heal wounds)

Annotations:
D:7 1 runed translucent door
Depths:2 exclusions: ice devil and smoke demon
Depths:3 1 runed translucent door, 2 transporters, exclusions: 2 obsidian statues and orange crystal statue
Zot:5 2 transporters, wilo's ghost, master MfBe


Innate Abilities, Weirdness & Mutations

You have a pair of horns on your head.
You reflexively headbutt those who attack you in melee.
You possess an exceptional clarity of mind.
Your flesh is cold resistant. (rC+)
Your magical capacity is low. (-10% MP)
You are strong-willed. (Will+)


Message History

You climb upwards.
There is a stone staircase leading down here.
A large abomination comes into view.
There is an open door here.
A sixfirhy comes into view.
You block the sixfirhy's attack. The sixfirhy misses you.
There is a stone staircase leading up here.
You climb upwards.
There is a stone staircase leading down here.
You slice the sixfirhy!! You burn the sixfirhy. You headbutt the sixfirhy.
The sixfirhy is almost dead.
You miss the sixfirhy.
The sixfirhy is almost dead.
You carve the sixfirhy like a ham!!! You burn the sixfirhy.
You kill the sixfirhy!
Trog accepts your kill.
You feel your strength returning.
There is a stone staircase leading up here.
What level of the Dungeon? (default 1, ? - help)
There is a stone staircase leading up here.
There is a stone staircase leading up here.
You climb upwards.
There is a stone staircase leading down here.
A Brimstone Fiend comes into view.
A Hell Sentinel comes into view.
There is a stone staircase leading up here.
You climb upwards.
There is a stone staircase leading down here.
There is a stone staircase leading up here.
You climb upwards.
There is a stone staircase leading down here.
What level of the Dungeon? (default 1, ? - help)
A lorocyproca comes into view.
There is a stone staircase leading up here.
What level of the Dungeon? (default 1, ? - help)
You climb upwards.
There is a stone staircase leading down here.
There is an open door here.
There is a staircase leading out of the dungeon here.
You have escaped!

#........#.# #############.#
##############.............#
..........>...........######
.###########...##.###.# .#
#############.###.# .#
#.................# .#
#.############.#### .#
#.###~P~~~~.@#.#
.####..##P~~.....#.#
...##...'.....~~~#.#
.#.##.###♣~.~~PP~#.##
.#..#.# ##+######..# .##...#
#.# ##.# .#....# #.### ##..#
.#.##.# #...###..## .#.##)#
###..##.##


There were no monsters in sight!

Vanquished Creatures
  4 dread liches
  6 orbs of fire
  Mara (Shoals:3)
  2 ancient liches
  A juggernaut (Depths:3)
  Boris (twice) (Vaults:3 Depths:4)
  6 Killer Klowns
  12 golden dragons
  3 curse toes
  Nikola (Shoals:3)
  Arachne (Spider:3)
  2 electric golems
  A Brimstone Fiend (D:13)
  Mlioglotl (Spider:3)
  11 tentacled monstrosities
  Jorgrun (D:12)
  A lich (Depths:2)
  The ghost of Asunaom the Warrior, an adept HOFi of Beogh (Vaults:4)
  24 Orb Guardians
  2 deep elf blademasters
  2 titans (Vaults:4)
  A walking frostbound tome (Depths:1)
  A deep elf master archer (Elf:3)
  An Executioner (Depths:2)
  3 quicksilver dragons
  9 sphinxes
  Polyphemus (Shoals:3)
  5 death cobs
  The ghost of Rivaunt the Carver, an adept GnRe of Zin (Shoals:1)
  12 storm dragons
  6 tengu reavers
  Aizul (Spider:3)
  Ilsuiw (Shoals:3)
  7 shadow dragons
  14 draconian knights
  2 draconian monks
  A revenant (Vaults:2)
  The ghost of Lokifa the Marksgnoll, an adept GnWn of Ru (Depths:3)
  7 emperor scorpions
  5 iron dragons
  7 fire giants
  5 deep elf sorcerers
  2 deep elf elementalists (Elf:3)
  9 ghost moths
  Louise (Spider:1)
  8 draconian scorchers
  A curse skull (Vaults:2)
  19 vault wardens
  5 frost giants
  3 orc warlords
  4 draconian shifters
  4 draconian stormcallers
  4 broodmothers
  A spriggan defender (Depths:3)
  24 ironbound preservers
  4 draconian annihilators
  18 stone giants
  6 very ugly things
  5 war gargoyles
  2 formless jellyfish
  7 ironbound thunderhulks
  The ghost of BigAl98 the Brawler, a journeyman TrSh of Gozag (Lair:4)
  A cacodemon (Depths:2)
  2 reapers
  6 red draconians
  8 deep elf annihilators
  8 green draconians
  A lorocyproca (Zot:1)
  7 white draconians
  6 deep elf demonologists
  A vampire knight (Depths:2)
  6 dire elephants (Vaults:2)
  6 black draconians
  13 purple draconians
  The ghost of Geasohic the Cleaver, a journeyman VSSh of Hepliaklqana (Orc:2)
  2 minotaurs (Shoals:4)
  10 yellow draconians
  14 spark wasps
  The ghost of captivecurve the Severer, a journeyman HOFi of Beogh (Orc:2)
  A crystal guardian (Vaults:2)
  A green death (Depths:2)
  5 merfolk impalers
  3 merfolk javelineers
  7 fire dragons
  A blizzard demon (Zot:5)
  23 ettins
  10 yaktaur captains
  10 deep elf death magi
  A jiangshi (Vaults:2)
  The ghost of Gikes the Grappler, a journeyman TrFi of Ru (Orc:2)
  3 deep elf high priests
  3 entropy weavers
  2 rakshasas
  11 hydras
  9 ice dragons
  An ice dragon (shapeshifter) (Vaults:4)
  36 vault guards
  5 merfolk avatars
  5 great orbs of eyes
  2 jorogumos
  4 peacekeepers
  5 ogre magi
  A sphinx zombie (D:15)
  A radroach (Spider:4)
  An alligator snapping turtle (Shoals:3)
  2 merfolk aquamancers
  3 spriggan air magi
  A death knight (D:15)
  A catoblepas (Shoals:3)
  11 ironbound frosthearts
  10 two-headed ogres
  A death scarab (Spider:2)
  11 centaur warriors
  3 deep troll shamans
  9 satyrs
  7 deep troll earth magi
  9 death yaks
  A tengu warrior (Depths:2)
  13 boulder beetles
  A vampire mage (Vaults:2)
  An orc high priest (Orc:1)
  5 occultists
  37 dancing weapons
  10 demonic crawlers
  A shock serpent (shapeshifter) (Depths:3)
  Urug (D:10)
  A spriggan berserker (Depths:4)
  19 hell knights
  Nergalle (D:12)
  Sonja (D:11)
  An iron troll (Depths:3)
  5 skysharks
  2 sun moths
  15 deep elf knights
  3 pharaoh ants
  6 skeletal warriors
  A shadow wraith (Vaults:5)
  A spark wasp zombie (D:15)
  2 sixfirhies
  15 sea snakes
  67 deep trolls
  An obsidian statue (Zot:5)
  A shadow demon (Zot:5)
  9 steelbarb worms
  4 flayed ghosts
  8 orb spiders
  8 arcanists
  2 glowing orange brains (Depths:1)
  15 deep elf archers
  36 deep elf pyromancers
  10 ironbound convokers
  5 lindwurms
  A lindwurm (shapeshifter) (Vaults:1)
  3 phantasmal warriors
  2 necromancers
  18 wolf spiders
  25 ugly things
  10 orc knights
  26 harpies
  25 deep elf zephyrmancers
  16 manticores
  5 orc sorcerers
  21 moths of wrath
  14 fauns
  6 cyclopes
  Joseph (D:7)
  A black mamba (shapeshifter) (Elf:3)
  4 elephants (Lair:3)
  An elephant (shapeshifter) (Vaults:5)
  10 merfolk sirens
  3 black mambas
  A smoke demon (Depths:2)
  2 ice statues (IceCv)
  5 water nymphs
  A rust devil (Depths:2)
  11 cane toads
  23 vault sentinels
  An eye of devastation (Lair:4)
  An unseen horror (D:12)
  3 gargoyles
  Maggie (D:8)
  Jeremiah (D:8)
  3 torpor snails
  A kobold demonologist (D:10)
  10 rime drakes
  38 yaktaurs
  3 freezing wraiths
  An efreet (D:13)
  A tengu conjurer (Depths:3)
  6 ice devils (IceCv)
  8 komodo dragons
  A red devil (Zot:4)
  5 wind drakes
  13 meliai
  2 hellwings (Depths:2)
  6 polar bears (Lair:5)
  2 queen bees
  9 hornets
  Grinder (Sewer)
  33 merfolk
  18 trolls
  30 tarantellas
  11 dream sheep
  3 glass eyes
  A dream sheep (shapeshifter) (Vaults:5)
  8 snapping turtles
  30 jumping spiders
  An air elemental (Elf:2)
  2 shadows
  34 slime creatures
  15 spriggans (Lair:5)
  16 water elementals
  Sigmund (D:5)
  A jumping spider (shapeshifter) (Vaults:5)
  7 wyverns
  45 yaks
  21 culicivoras
  A vampire (D:11)
  A dire elephant simulacrum (IceCv)
  2 wraiths
  5 basilisks
  2 death yak simulacra (IceCv)
  2 fire elementals
  2 humans (D:14)
  66 redbacks
  15 vampire mosquitoes
  3 chaos spawn
  Menkaure (D:5)
  8 steam dragons
  2 harpy simulacra (IceCv)
  A warg (shapeshifter) (Elf:1)
  7 wargs
  An acid dragon (D:7)
  9 water moccasins
  Duvessa (D:6)
  26 orc warriors
  4 black bears
  An ice beast (D:5)
  9 centaurs
  4 boggarts
  24 ogres
  43 wolves
  A phantom (Sewer)
  5 kobold brigands
  9 bullfrogs
  3 two-headed ogre simulacra
  3 earth elementals
  3 gnoll sergeants
  11 scorpions
  A cane toad simulacrum (IceCv)
  Dowan (D:6)
  7 wights
  26 killer bees
  An elephant simulacrum (IceCv)
  4 howler monkeys
  An electric eel (D:8)
  3 hounds (D:5)
  16 orc priests
  A gnoll bouda (D:8)
  Jessica (D:2)
  Ijyb (D:4)
  4 iguanas
  12 orc wizards
  2 troll simulacra (IceCv)
  15 hell rats
  3 spriggan simulacra (IceCv)
  2 wolf simulacra (IceCv)
  A mummy (Ossuary)
  12 gnolls
  7 adders
  2 naga simulacra
  4 river rats (Lair:2)
  2 shadow imps
  5 white imps
  4 ufetubi
  3 worms
  3 dart slugs
  60 orcs
  13 bats
  A bat zombie (Sewer)
  14 endoplasms
  4 giant cockroaches
  13 goblins
  4 hobgoblins
  8 jackals
  4 quokkas
  8 ball pythons
  2 giant cockroach zombies (Sewer)
  6 gnoll skeletons (Ossuary)
  40 kobolds
  6 kobold skeletons (Ossuary)
  13 orc skeletons (Ossuary)
  12 rats
2182 creatures vanquished.

Vanquished Creatures (collateral kills)
  A pandemonium lord (Depths:2)
  The ghost of Ynkabiuw the Metamorph, an adept TrCK of Jiyva (Vaults:4)
  A tentacled monstrosity (Zot:4)
  The ghost of Asunaom the Warrior, an adept HOFi of Beogh (Vaults:4)
  A lich (Vaults:4)
  Donald (Shoals:3)
  A deep elf elementalist (Elf:3)
  A deep elf sorcerer (Elf:3)
  An ironbound thunderhulk (Vaults:1)
  A deep elf annihilator (Elf:3)
  A red draconian (Zot:4)
  A yellow draconian (Zot:4)
  A crystal guardian (Vaults:3)
  A deep elf death mage (Elf:3)
  2 vault guards (Vaults:1)
  A dancing weapon (Elf:3)
  A sea snake (Shoals:1)
  An ironbound convoker (Vaults:1)
  A manticore (Shoals:3)
  A merfolk (Shoals:3)
21 creatures vanquished.

Vanquished Creatures (others)
  A draconian stormcaller (Zot:1)
  A stone giant (Vaults:5)
  A merfolk impaler (Shoals:3)
  A deep elf knight (Elf:2)
  A sea snake (Shoals:1)
  A deep troll (Vaults:3)
  A deep elf zephyrmancer (Elf:2)
  2 merfolk (Shoals:3)
  A small abomination (D:12)
  A boggart (Elf:1)
  A killer bee (Spider:1)
12 creatures vanquished.

Grand Total: 2215 creatures vanquished

Notes
Turn   | Place    | Note
-------+----------+-------------------------------------------
     0 | D:1      | Anon1729 the Minotaur Monk began the quest for the Orb.
     0 | D:1      | Reached XP level 1. HP: 19/19 MP: 0/0
   179 | D:1      | Reached XP level 2. HP: 27/27 MP: 1/1
   197 | D:1      | Reached skill level 4 in Axes
   585 | D:1      | Reached XP level 3. HP: 33/33 MP: 2/2
  1040 | D:2      | Noticed Jessica
  1047 | D:2      | Killed Jessica
  1048 | D:2      | Reached skill level 1 in Armour
  1048 | D:2      | Reached XP level 4. HP: 30/41 MP: 3/3
  1172 | D:2      | Found an iron altar of Okawaru.
  1461 | D:2      | Found a faded altar of an unknown god.
  1849 | D:3      | Reached skill level 5 in Axes
  1999 | D:3      | Reached XP level 5. HP: 47/47 MP: 4/4
  2338 | D:4      | Reached skill level 1 in Throwing
  2339 | D:4      | Reached skill level 5 in Fighting
  2345 | D:4      | Reached XP level 6. HP: 18/56 MP: 5/5
  2653 | D:4      | Reached skill level 6 in Axes
  2687 | D:4      | Found an opulent altar of Gozag.
  2961 | D:4      | Reached XP level 7. HP: 61/61 MP: 6/6
  3041 | D:4      | Reached skill level 5 in Dodging
  3100 | D:4      | Noticed Ijyb
  3106 | D:4      | Killed Ijyb
  3177 | D:4      | Found a staircase to the Ecumenical Temple.
  3254 | Temple   | Found a transporter.
  3254 | Temple   | Found a transporter.
  3254 | Temple   | Found a transporter.
  3254 | Temple   | Found a transporter.
  3254 | Temple   | Entered the Ecumenical Temple
  3279 | Temple   | Became a worshipper of Trog the Wrathful
  3279 | Temple   | Reached * piety under Trog
  3279 | Temple   | Reached ** piety under Trog
  3519 | D:5      | Entered Level 5 of the Dungeon
  3532 | D:5      | Noticed Menkaure
  3540 | D:5      | Killed Menkaure
  3541 | D:5      | Reached skill level 7 in Axes
  3740 | D:5      | Reached XP level 8. HP: 36/70 MP: 7/7
  3846 | D:5      | Found a glowing drain.
  3948 | Sewer    | Entered a sewer
  4053 | Sewer    | Found an ancient bone altar of Kikubaaqudgha.
  4060 | Sewer    | Noticed Grinder
  4073 | Sewer    | Killed Grinder
  4074 | Sewer    | Reached skill level 8 in Axes
  4497 | D:5      | Found an iron altar of Okawaru.
  4505 | D:5      | Found a shadowy altar of Dithmenos.
  4505 | D:5      | Found a shimmering blue altar of Sif Muna.
  4507 | D:5      | Found a stormy altar of Qazlal.
  4508 | D:5      | Found a glowing golden altar of the Shining One.
  4523 | D:5      | Noticed Sigmund
  4528 | D:5      | Killed Sigmund
  4581 | D:5      | Found a hide-covered altar of Uskayaw.
  4582 | D:5      | Found a sparkling altar of Nemelex Xobeh.
  4746 | D:6      | Reached skill level 5 in Armour
  4878 | D:6      | Noticed Duvessa
  4878 | D:6      | Noticed Dowan
  4916 | D:6      | Killed Duvessa
  4917 | D:6      | Reached skill level 9 in Axes
  4917 | D:6      | Reached XP level 9. HP: 65/79 MP: 8/8
  4917 | D:6      | Killed Dowan
  4960 | D:6      | Found a sand-covered staircase.
  4965 | Ossuary  | Entered an ossuary
  5276 | Ossuary  | Reached *** piety under Trog
  5489 | D:6      | Found an ornate altar of the Wu Jian Council.
  5663 | D:6      | Found an ancient bone altar of Kikubaaqudgha.
  6253 | D:7      | Found a snail-covered altar of Cheibriados.
  6329 | D:7      | Noticed Joseph
  6339 | D:7      | Killed Joseph
  6340 | D:7      | Reached skill level 10 in Axes
  6340 | D:7      | Reached skill level 5 in Throwing
  6551 | D:7      | Found a runed translucent door.
  6552 | D:7      | Noticed a sixfirhy
  7464 | D:8      | Reached **** piety under Trog
  7526 | D:8      | Reached XP level 10. HP: 78/88 MP: 9/9
  7732 | D:8      | Noticed Maggie
  7741 | D:8      | Killed Maggie
  7742 | D:8      | Reached skill level 11 in Axes
  8106 | D:8      | Noticed Jeremiah
  8129 | D:8      | Killed Jeremiah
  8130 | D:8      | Reached skill level 1 in Evocations
  8927 | D:8      | Noticed a death yak
  8977 | D:8      | Killed a death yak
  9117 | D:8      | Reached skill level 12 in Axes
  9351 | D:8      | Reached XP level 11. HP: 84/97 MP: 10/10
  9854 | D:9      | Reached ***** piety under Trog
 10164 | D:9      | Found a staircase to the Orcish Mines.
 10760 | D:10     | Entered Level 10 of the Dungeon
 10980 | D:10     | Found a staircase to the Lair.
 11152 | D:10     | Noticed a two-headed ogre
 11157 | D:10     | Killed a two-headed ogre
 11158 | D:10     | Reached skill level 13 in Axes
 11334 | D:10     | Noticed Urug
 11345 | D:10     | Killed Urug
 11346 | D:10     | Reached skill level 10 in Fighting
 11494 | D:10     | Received a gift from Trog
 12020 | D:11     | Noticed Sonja
 12026 | D:11     | Killed Sonja
 12109 | D:11     | Noticed a two-headed ogre
 12142 | D:11     | Killed a two-headed ogre
 12147 | D:11     | Found a frozen archway.
 12244 | IceCv    | Entered an ice cave
 12298 | IceCv    | Reached XP level 12. HP: 107/107 MP: 11/11
 12731 | IceCv    | Noticed a reaper
 12771 | IceCv    | Killed a reaper
 12975 | IceCv    | Reached skill level 14 in Axes
 13059 | IceCv    | Identified the +1 hat "Haaghil" {Rampage Regen+}
 13561 | D:11     | Noticed a boulder beetle
 13571 | D:11     | Killed a boulder beetle
 13843 | D:12     | Noticed Jorgrun
 13857 | D:12     | Killed Jorgrun
 14000 | D:12     | Found a portal to a secret trove of treasure.
 14178 | D:12     | Reached skill level 10 in Armour
 14197 | D:12     | Noticed a centaur warrior
 14208 | D:12     | Killed a centaur warrior
 14209 | D:12     | Reached skill level 5 in Evocations
 14374 | D:12     | Noticed a four-headed hydra
 14382 | D:12     | Reached skill level 10 in Dodging
 14385 | D:12     | Killed a seven-headed hydra
 14665 | D:12     | Noticed Nergalle
 14686 | D:12     | Killed Nergalle
 15086 | D:12     | Reached XP level 13. HP: 75/112 MP: 12/12
 15569 | D:13     | Reached skill level 15 in Axes
 17051 | D:14     | Paralysed by an orc sorcerer for 3 turns
 17299 | D:14     | Found a gate to the Vaults.
 17607 | Lair:1   | Entered Level 1 of the Lair of Beasts
 18371 | Lair:2   | Reached XP level 14. HP: 129/129 MP: 13/13
 18451 | Lair:2   | Found a hole to the Spider Nest.
 18465 | Lair:2   | Reached skill level 16 in Axes
 18558 | Lair:2   | Received a gift from Trog
 19349 | Lair:3   | Reached skill level 1 in Shields
 19472 | Lair:3   | Found a staircase to the Shoals.
 20214 | Lair:4   | Found a staircase to the Slime Pits.
 20476 | Lair:4   | Noticed BigAl98's ghost (journeyman TrSh)
 20477 | Lair:4   | Found a transporter.
 20480 | Lair:4   | Found a transporter.
 21091 | Lair:4   | Reached skill level 10 in Throwing
 21107 | Lair:4   | Killed BigAl98's ghost
 21190 | Lair:5   | Entered Level 5 of the Lair of Beasts
 21241 | Lair:5   | Reached ****** piety under Trog
 21462 | Lair:5   | Received a gift from Trog
 21507 | Lair:5   | Reached XP level 15. HP: 112/139 MP: 14/14
 21508 | Lair:5   | Reached skill level 17 in Axes
 21592 | Lair:5   | Paralysed by a hornet for 1 turns
 22663 | Orc:1    | Entered Level 1 of the Orcish Mines
 22680 | Orc:1    | Received a gift from Trog
 22822 | Orc:2    | Entered Level 2 of the Orcish Mines
 22833 | Orc:2    | Found a staircase to the Elven Halls.
 22839 | Orc:2    | Found Xutot's Book Emporium.
 22840 | Orc:2    | Found Myta's Book Shoppe.
 22990 | Orc:2    | Reached skill level 15 in Fighting
 23158 | Orc:2    | Reached skill level 5 in Shields
 23251 | Orc:2    | Found Kuigerch's Magic Scroll Boutique.
 23262 | Orc:2    | Found a runed translucent gate.
 23263 | Orc:2    | Found a runed translucent gate.
 23263 | Orc:2    | Found a runed translucent gate.
 23283 | Orc:2    | Received a gift from Trog
 23312 | Orc:2    | Found Zampopeh's Distillery.
 23326 | Orc:2    | Bought a potion of invisibility for 88 gold pieces
 23326 | Orc:2    | Bought a potion of berserk rage for 55 gold pieces
 23326 | Orc:2    | Bought a potion of resistance for 110 gold pieces
 23326 | Orc:2    | Bought a potion of curing for 33 gold pieces
 23326 | Orc:2    | Bought a potion of ambrosia for 88 gold pieces
 23326 | Orc:2    | Bought 2 potions of curing for 66 gold pieces
 23326 | Orc:2    | Bought a potion of mutation for 88 gold pieces
 23326 | Orc:2    | Bought a potion of might for 44 gold pieces
 23326 | Orc:2    | Bought a potion of curing for 33 gold pieces
 23326 | Orc:2    | Bought a potion of heal wounds for 55 gold pieces
 23331 | Orc:2    | Bought a scroll of teleportation for 36 gold pieces
 23331 | Orc:2    | Bought a scroll of fog for 48 gold pieces
 23331 | Orc:2    | Bought a scroll of poison for 48 gold pieces
 23331 | Orc:2    | Bought a scroll of identify for 24 gold pieces
 23331 | Orc:2    | Bought a scroll of revelation for 90 gold pieces
 23331 | Orc:2    | Bought a scroll of vulnerability for 48 gold pieces
 23331 | Orc:2    | Bought a scroll of identify for 24 gold pieces
 23331 | Orc:2    | Identified a scroll of acquirement
 23333 | Orc:2    | Acquired the scarf "Ecvoth" {+Inv, rF+ rN+}
 23443 | Orc:2    | Noticed Gikes's ghost (journeyman TrFi)
 23443 | Orc:2    | Noticed captivecurve's ghost (journeyman HOFi)
 23444 | Orc:2    | Noticed Geasohic's ghost (journeyman VSSh)
 23939 | Orc:2    | Killed captivecurve's ghost
 23944 | Orc:2    | Killed Geasohic's ghost
 23947 | Orc:2    | Killed Gikes's ghost
 23954 | Orc:2    | Identified the +0 leather armour of Agnosticism {rC+ Regen+
                  | Int+2}
 24175 | D:15     | Entered Level 15 of the Dungeon
 24190 | D:15     | Found a staircase to the Depths.
 24486 | D:15     | Found a glowing golden altar of the Shining One.
 24563 | D:15     | Reached XP level 16. HP: 145/149 MP: 15/15
 24568 | D:15     | Reached skill level 18 in Axes
 24577 | D:15     | Found a shimmering blue altar of Sif Muna.
 24681 | D:15     | Reached skill level 15 in Armour
 25215 | Shoals:1 | Entered Level 1 of the Shoals
 25215 | Shoals:1 | Found a runed translucent gate.
 25215 | Shoals:1 | Found a runed translucent gate.
 25215 | Shoals:1 | Found a runed translucent gate.
 25701 | Shoals:1 | Noticed Rivaunt's ghost (adept GnRe)
 26879 | Shoals:2 | Received a gift from Trog
 27181 | Shoals:1 | Killed Rivaunt's ghost
 27308 | Shoals:3 | Noticed Donald
 27328 | Shoals:3 | Killed Donald
 27337 | Shoals:3 | Identified the +11 scale mail of the Vestibule of Hell
                  | {Int+2}
 27620 | Shoals:3 | Noticed Mara
 27638 | Shoals:3 | Noticed Anon1729's illusion
 27987 | Shoals:3 | Killed Mara
 27988 | Shoals:3 | Reached XP level 17. HP: 160/160 MP: 16/16
 28155 | Shoals:3 | Noticed Polyphemus
 28173 | Shoals:3 | Killed Polyphemus
 28177 | Shoals:3 | Noticed Nikola
 28188 | Shoals:3 | Reached skill level 19 in Axes
 28539 | Shoals:3 | Found Ifaer's CLEARANCE SALE!.
 28547 | Shoals:3 | Bought a scroll of enchant weapon for 22 gold pieces
 28547 | Shoals:3 | Bought a potion of invisibility for 24 gold pieces
 28554 | Shoals:3 | Noticed Ilsuiw
 28556 | Shoals:3 | Received a gift from Trog
 28612 | Shoals:3 | Killed Ilsuiw
 29021 | Shoals:3 | Killed Nikola
 29134 | Shoals:4 | Entered Level 4 of the Shoals
 29633 | Shoals:4 | Received a gift from Trog
 29707 | Shoals:4 | Noticed a sphinx
 29713 | Shoals:4 | Killed a sphinx
 29740 | Shoals:4 | Got a barnacled rune of Zot
 29874 | Shoals:4 | Found the dreamshard necklace {Acrobat *Dream}
 29927 | Shoals:4 | Noticed a sphinx
 29934 | Shoals:4 | Paralysed by a sphinx for 5 turns
 29941 | Shoals:4 | Killed a sphinx
 30372 | Spider:1 | Entered Level 1 of the Spider Nest
 30372 | Spider:1 | Noticed Louise
 30494 | Spider:1 | Killed Louise
 30806 | Spider:1 | Reached XP level 18. HP: 112/168 MP: 0/17
 31029 | Spider:1 | Received a gift from Trog
 31393 | Spider:1 | Reached skill level 20 in Axes
 31656 | Spider:1 | Received a gift from Trog
 32253 | Spider:2 | Reached skill level 10 in Evocations
 33286 | Spider:3 | Noticed Mlioglotl
 33298 | Spider:3 | Killed Mlioglotl
 33318 | Spider:3 | Received a gift from Trog
 33447 | Spider:3 | Noticed Arachne
 33461 | Spider:3 | Killed Arachne
 33469 | Spider:3 | Identified the serpent talisman of the Heavens {Int+4
                  | Dex+3}
 33469 | Spider:3 | Noticed Aizul
 33624 | Spider:3 | Killed Aizul
 33714 | Spider:3 | Reached skill level 1 in Stealth
 33716 | Spider:3 | Paralysed by a jorogumo for 1 turns
 33954 | Spider:4 | Entered Level 4 of the Spider Nest
 34061 | Spider:4 | Identified the +1 short sword of Ru's Approval {venom,
                  | rPois}
 34378 | Spider:4 | Identified the +1 leather armour "Duzess" {+Blink rPois
                  | Dex+2 Slay+3}
 34628 | Spider:4 | Reached XP level 19. HP: 174/181 MP: 18/18
 34850 | Spider:4 | Got a gossamer rune of Zot
 35383 | Vaults:1 | Entered Level 1 of the Vaults
 35413 | Vaults:1 | Received a gift from Trog
 35526 | Vaults:1 | Reached skill level 10 in Shields
 36035 | Vaults:1 | Identified the +1 leather armour of the Pit {Str+6}
 36035 | Vaults:1 | Identified the +4 sling "Xappom" {freeze, rN+ Int+3}
 36038 | Vaults:1 | Received a gift from Trog
 36057 | Vaults:1 | Identified the +0 buckler of the Onion {-Cast Fly rPois
                  | rCorr}
 36581 | Vaults:1 | Reached skill level 21 in Axes
 36633 | Vaults:1 | HP: 5/182 [ironbound thunderhulk/bolt of lightning[a vault
                  | warden] (46)]
 36633 | Vaults:1 | Saved by the dreamshard amulet
 37553 | Vaults:2 | Paralysed by a formless jellyfish for 1 turns
 37689 | Vaults:2 | Found a staircase to the Crypt.
 38015 | Vaults:2 | Received a gift from Trog
 38379 | Vaults:2 | Found Kofioptu's Distillery.
 38386 | Vaults:2 | Bought a potion of might for 60 gold pieces
 38386 | Vaults:2 | Bought a potion of might for 60 gold pieces
 38386 | Vaults:2 | Bought 2 potions of attraction for 90 gold pieces
 38386 | Vaults:2 | Bought a potion of attraction for 45 gold pieces
 38386 | Vaults:2 | Bought 2 potions of lignification for 90 gold pieces
 38386 | Vaults:2 | Bought a potion of mutation for 120 gold pieces
 38600 | Vaults:2 | Reached XP level 20. HP: 175/191 MP: 19/19
 39257 | Vaults:3 | Noticed Boris
 39274 | Vaults:3 | Killed Boris
 39288 | Vaults:3 | Received a gift from Trog
 39445 | Vaults:3 | Found Cogede's Armour Boutique.
 39806 | Vaults:3 | Found Jiotebbe's Armour Shop.
 40013 | Vaults:3 | Received a gift from Trog
 40335 | Vaults:4 | Reached skill level 5 in Stealth
 40350 | Vaults:4 | Found a runed translucent gate.
 40350 | Vaults:4 | Found a runed translucent gate.
 40350 | Vaults:4 | Found an ancient bone altar of Kikubaaqudgha.
 40350 | Vaults:4 | Noticed Asunaom's ghost (adept HOFi)
 40350 | Vaults:4 | Noticed Ynkabiuw's ghost (adept TrCK)
 40351 | Vaults:4 | Found a runed translucent gate.
 40351 | Vaults:4 | Noticed a dread lich
 40351 | Vaults:4 | Noticed Asunaom's ghost (adept HOFi)
 40530 | Vaults:4 | Reached skill level 15 in Dodging
 40639 | Vaults:4 | Found Rurezing's General Store.
 40642 | Vaults:4 | Bought a potion of mutation for 176 gold pieces
 40642 | Vaults:4 | Bought a potion of ambrosia for 176 gold pieces
 40642 | Vaults:4 | Bought a wand of iceblast (2) for 105 gold pieces
 41008 | Vaults:4 | Received a gift from Trog
 41145 | Vaults:4 | Reached skill level 22 in Axes
 41264 | Vaults:4 | Reached XP level 21. HP: 197/201 MP: 20/20
 41637 | Vaults:4 | Killed Asunaom's ghost
 41648 | Vaults:4 | Killed Ynkabiuw's ghost
 41649 | Vaults:4 | Killed a dread lich
 41655 | Vaults:4 | Killed Asunaom's ghost
 41658 | Vaults:4 | Identified the ring of the Seven Dreams {rPois Will+
                  | Stlth+}
 41663 | Vaults:4 | Identified the +0 kite shield of Estrevae {*Corrode Dex+6
                  | Slay+5 SInv}
 42096 | Vaults:5 | Identified the "Onnomour"
 42096 | Vaults:5 | Identified the of Qolescholu
 42096 | Vaults:5 | Identified the of Lukkoh
 42096 | WizLab   | Identified the "Ywyjisac"
 42096 | Crypt:3  | Identified the of Fuytzof Oph
 42096 | Depths:1 | Identified the "Vemua"
 42096 | Elf:1    | Identified the of Beorchoe
 42096 | Elf:1    | Entered Level 1 of the Elven Halls
 42106 | Elf:1    | Received a gift from Trog
 42256 | Elf:1    | Found Kept's Armour Shoppe.
 42258 | Elf:1    | Found Loosuol's General Store.
 42261 | Elf:1    | Found Issom's Book Shoppe.
 42266 | Elf:1    | Bought a scroll of butterflies for 56 gold pieces
 42266 | Elf:1    | Bought a scroll of poison for 56 gold pieces
 42266 | Elf:1    | Bought a scroll of torment for 133 gold pieces
 42294 | Elf:1    | Found Munnusox's Antique Armour Shop.
 43089 | Elf:2    | Received a gift from Trog
 43388 | Elf:2    | Paralysed by an air elemental for 1 turns
 43557 | Elf:2    | Found a runed translucent gate.
 43558 | Elf:2    | Found a runed translucent gate.
 43558 | Elf:2    | Found a runed translucent gate.
 43752 | Elf:2    | Received a gift from Trog
 44010 | Elf:1    | Found a shimmering blue altar of Sif Muna.
 44037 | Elf:3    | Identified the of Muivveq
 44037 | Elf:3    | Identified the of Buginget
 44037 | Elf:3    | Identified the of Ywaphoerph
 44037 | Elf:3    | Identified the "Sotriss"
 44037 | Elf:3    | Identified the "Paono"
 44037 | Elf:3    | Entered Level 3 of the Elven Halls
 44037 | Elf:3    | Found Pieff's Antique Weapon Shoppe.
 44041 | Elf:3    | Bought a faintly glowing broad axe for 243 gold pieces
 44041 | Elf:3    | Identified the +5 broad axe of the Rattlesnake {flame,
                  | rElec Str+3 Stlth+} (You bought it in a shop on level 3 of
                  | the Elven Halls)
 44438 | Elf:3    | Identified the +10 trident "Doelemm" {elec, Will++ Dex+3}
 44438 | Elf:3    | Identified the ring of Ifenaukh {Int+3 SInv}
 44453 | Elf:3    | Received a gift from Trog
 44459 | Elf:3    | Reached XP level 22. HP: 180/209 MP: 21/21
 44651 | Elf:3    | Found the +3 giant club "Skullcrusher" {speed, Str+7}
 44663 | Elf:3    | Identified the amulet of Douproc {Faith Slay+2}
 44677 | Elf:3    | Identified the ring of Afreitanu {Fire rElec rPois rCorr
                  | Str+6 Int-4}
 44700 | Elf:3    | Identified the +8 halberd of the Final Chapter {heavy,
                  | +Blink rF- rC+ rCorr}
 44702 | Elf:3    | Identified the +0 leather armour of the Sparrow {Fly Int+3}
 44707 | Elf:3    | Identified the +2 dagger "Pendulum" {speed, rPois Str-5
                  | Dex+6 SInv}
 45299 | Depths:1 | Entered Level 1 of the Depths
 45434 | Depths:1 | Found a gateway to Hell.
 45528 | Depths:1 | Received a gift from Trog
 45686 | Depths:1 | Found Kiti Vops's Book Shop.
 45686 | Depths:1 | Found Fotsy's Jewellery Shoppe.
 45687 | Depths:1 | Found Sydamist's Book Shop.
 45880 | Depths:1 | Reached skill level 23 in Axes
 45937 | Depths:1 | Found a burning altar of Makhleb.
 46193 | Depths:1 | Found Osupratego's Magic Scroll Boutique.
 46201 | Depths:1 | Bought a scroll of teleportation for 57 gold pieces
 46201 | Depths:1 | Bought a scroll of vulnerability for 76 gold pieces
 46201 | Depths:1 | Bought a scroll of teleportation for 57 gold pieces
 46201 | Depths:1 | Bought a scroll of fear for 76 gold pieces
 46793 | Depths:2 | Found Ipexzuq's Distillery.
 46797 | Depths:2 | Bought a potion of berserk rage for 50 gold pieces
 46797 | Depths:2 | Bought a potion of cancellation for 80 gold pieces
 46797 | Depths:2 | Bought a potion of heal wounds for 50 gold pieces
 46797 | Depths:2 | Bought a potion of curing for 30 gold pieces
 46797 | Depths:2 | Bought a potion of invisibility for 80 gold pieces
 46797 | Depths:2 | Found Woecorr Dymn's Armour Boutique.
 46915 | Depths:2 | Found a one-way gate leading to the halls of Pandemonium.
 46952 | Depths:2 | Received a gift from Trog
 46988 | Depths:2 | Gained mutation: You have hidden genetic defects. [a
                  | cacodemon]
 47044 | Depths:2 | Lost mutation: You have hidden genetic defects. [potion of
                  | mutation]
 47044 | Depths:2 | Gained mutation: You are agile. (Dex +4, Str/Int -1)
                  | [potion of mutation]
 47894 | Depths:2 | Acquired a manual of Stealth
 47946 | Depths:3 | Noticed Lokifa's ghost (adept GnWn)
 47954 | Depths:3 | Noticed a juggernaut
 47969 | Depths:3 | Found a runed translucent gate.
 47969 | Depths:3 | Found a runed translucent gate.
 47978 | Depths:3 | Killed a juggernaut
 48043 | Depths:3 | Found a transporter.
 48134 | Depths:3 | Identified the +0 leather armour of the Cicada {rF+ rN++
                  | Str-2}
 48310 | Depths:3 | Found a runed translucent gate.
 48356 | Depths:3 | Found a transporter.
 48485 | Depths:3 | Found a one-way gate to the infinite horrors of the Abyss.
 48495 | Depths:3 | Found a runed translucent door.
 48569 | Depths:3 | Noticed a dread lich
 48569 | Depths:3 | Found the ring of the Mage {Wiz Archmagi}
 48607 | Depths:3 | Reached XP level 23. HP: 216/222 MP: 22/22
 48735 | Depths:3 | Found a one-way gateway to a ziggurat.
 48820 | Depths:3 | Killed Lokifa's ghost
 48821 | Depths:3 | Received a gift from Trog
 48843 | Depths:3 | Identified the +3 pair of gloves "Ixonu" {Int+2 Stlth+}
 48911 | Depths:4 | Entered Level 4 of the Depths
 49026 | Depths:4 | Noticed Boris
 49035 | Depths:4 | Killed Boris
 49259 | Depths:4 | Found an opulent altar of Gozag.
 49440 | Depths:4 | Found a gate to the Realm of Zot.
 49706 | Depths:4 | Identified the +1 cloak of Zyinaveipp {Dex+4 Stlth+}
 50422 | Vaults:5 | Entered Level 5 of the Vaults
 50571 | Vaults:5 | Noticed an ancient lich
 50574 | Vaults:5 | Received a gift from Trog
 50575 | Vaults:5 | Reached skill level 10 in Stealth
 50586 | Vaults:5 | Killed an ancient lich
 50606 | Vaults:4 | Reached skill level 15 in Throwing
 50748 | Vaults:4 | Reached skill level 24 in Axes
 50892 | Vaults:5 | Identified the +8 hand axe "Dragonbane" {heavy, rF+ Stlth+}
                  | (Trog gifted it to you on level 5 of the Vaults)
 50892 | Vaults:5 | Received a gift from Trog
 51043 | Vaults:5 | Reached XP level 24. HP: 233/233 MP: 22/22
 51270 | Vaults:5 | Identified the +5 tower shield of the Hidden Vale {rPois
                  | rCorr MP+9}
 51283 | Vaults:5 | Identified the staff "Cuovuew" {rF+ rC+ rN+ Ice}
 51907 | Vaults:5 | Got a silver rune of Zot
 51990 | Vaults:5 | Found the +5 moon troll leather armour {Spirit, Regen++
                  | MP+5}
 52066 | Vaults:5 | Identified the +7 war axe "Uhock" {antimagic, rElec Dex+2}
 52735 | Zot:1    | Entered Level 1 of the Realm of Zot
 52764 | Zot:1    | Reached skill level 15 in Evocations
 54444 | Zot:3    | Noticed an orb of fire
 54452 | Zot:3    | Gained mutation: You are frail. (-10% HP) [an orb of fire]
 54459 | Zot:3    | Killed an orb of fire
 54497 | Zot:3    | Noticed a Killer Klown
 54542 | Zot:3    | Killed a Killer Klown
 54949 | Zot:4    | Received a gift from Trog
 54994 | Zot:4    | Reached skill level 15 in Shields
 55536 | Zot:4    | Reached XP level 25. HP: 129/218 MP: 8/22
 55980 | Zot:5    | Identified the "Vicey"
 55980 | Zot:5    | Entered Level 5 of the Realm of Zot
 55999 | Zot:5    | Found a transporter.
 56004 | Zot:5    | Noticed a shard shrike
 56004 | Zot:5    | Noticed a shard shrike
 56006 | Zot:5    | Noticed wilo's ghost (master MfBe)
 56006 | Zot:5    | Noticed a shard shrike
 56015 | Zot:5    | Found a transporter.
 56708 | Zot:5    | Noticed an ancient lich
 56721 | Zot:5    | Killed an ancient lich
 56721 | Zot:5    | Received a gift from Trog
 56768 | Zot:5    | Noticed a dread lich
 56790 | Zot:5    | Paralysed by a dread lich for 4 turns
 56795 | Zot:5    | Killed a dread lich
 56796 | Zot:5    | Reached skill level 25 in Axes
 56985 | Zot:5    | Noticed a Killer Klown
 57002 | Zot:5    | Killed a Killer Klown
 57005 | Zot:5    | Noticed a Killer Klown
 57006 | Zot:5    | Noticed a Killer Klown
 57007 | Zot:5    | Noticed a Killer Klown
 57018 | Zot:5    | Noticed a dread lich
 57021 | Zot:5    | Killed a Killer Klown
 57024 | Zot:5    | Killed a Killer Klown
 57036 | Zot:4    | Killed a dread lich
 57179 | Zot:5    | Noticed a dread lich
 57205 | Zot:4    | Killed a dread lich
 57280 | Zot:5    | Killed a Killer Klown
 57478 | Zot:5    | Noticed a Killer Klown
 57512 | Zot:5    | Killed a Killer Klown
 57620 | Zot:5    | Noticed an orb of fire
 57622 | Zot:5    | Gained mutation: You are very frail. (-20% HP) [an orb of
                  | fire]
 57623 | Zot:5    | Noticed an orb of fire
 57628 | Zot:5    | Noticed an orb of fire
 57638 | Zot:5    | Killed an orb of fire
 57646 | Zot:5    | Paralysed by a Zot trap for 3 turns
 57774 | Zot:5    | Gained mutation: You occasionally lose the ability to drink
                  | potions when taking damage. [an orb of fire]
 57837 | Zot:4    | Lost mutation: You are very frail. (-20% HP) [potion of
                  | mutation]
 57837 | Zot:4    | Lost mutation: You are agile. (Dex +4, Str/Int -1) [potion
                  | of mutation]
 57837 | Zot:4    | Lost mutation: You occasionally lose the ability to drink
                  | potions when taking damage. [potion of mutation]
 57837 | Zot:4    | Gained mutation: You are vulnerable to cold. (rC-) [potion
                  | of mutation]
 57837 | Zot:4    | Gained mutation: Armour fits poorly on your strangely
                  | shaped body. [potion of mutation]
 57837 | Zot:4    | Lost mutation: You are frail. (-10% HP) [potion of
                  | mutation]
 57837 | Zot:4    | Gained mutation: You have sharp toenails. [potion of
                  | mutation]
 57838 | Zot:4    | Lost mutation: Armour fits poorly on your strangely shaped
                  | body. [potion of mutation]
 57838 | Zot:4    | Lost mutation: You have sharp toenails. [potion of
                  | mutation]
 57838 | Zot:4    | Gained mutation: You are robust. (+10% HP) [potion of
                  | mutation]
 57838 | Zot:4    | Gained mutation: You are dopey. (Int -2) [potion of
                  | mutation]
 57839 | Zot:4    | Lost mutation: You are robust. (+10% HP) [potion of
                  | mutation]
 57839 | Zot:4    | Lost mutation: You are vulnerable to cold. (rC-) [potion of
                  | mutation]
 57839 | Zot:4    | Lost mutation: You are dopey. (Int -2) [potion of mutation]
 57839 | Zot:4    | Gained mutation: Your spells are a little easier to cast,
                  | but a little less powerful. [potion of mutation]
 57839 | Zot:4    | Gained mutation: You are clumsy. (Dex -2) [potion of
                  | mutation]
 57839 | Zot:4    | Gained mutation: You are robust. (+10% HP) [potion of
                  | mutation]
 57963 | Zot:5    | Gained mutation: Your magical capacity is low. (-10% MP)
                  | [an orb of fire]
 57964 | Zot:5    | Gained mutation: You are dopey. (Int -2) [an orb of fire]
 57971 | Zot:5    | Killed an orb of fire
 58064 | Zot:5    | Gained mutation: You sometimes lose your temper in combat.
                  | [an orb of fire]
 58074 | Zot:5    | Killed an orb of fire
 58082 | Zot:5    | Lost mutation: Your magical capacity is low. (-10% MP)
                  | [potion of mutation]
 58082 | Zot:5    | Lost mutation: You are dopey. (Int -2) [potion of mutation]
 58082 | Zot:5    | Lost mutation: You are robust. (+10% HP) [potion of
                  | mutation]
 58082 | Zot:5    | Gained mutation: You have sharp toenails. [potion of
                  | mutation]
 58082 | Zot:5    | Gained mutation: You have a pair of large horns on your
                  | head. [potion of mutation]
 58083 | Zot:5    | Lost mutation: Your spells are a little easier to cast, but
                  | a little less powerful. [potion of mutation]
 58083 | Zot:5    | Lost mutation: You sometimes lose your temper in combat.
                  | [potion of mutation]
 58083 | Zot:5    | Lost mutation: You have a pair of large horns on your head.
                  | [potion of mutation]
 58083 | Zot:5    | Gained mutation: You occasionally lose the ability to read
                  | scrolls when taking damage. [potion of mutation]
 58084 | Zot:5    | Lost mutation: You occasionally lose the ability to read
                  | scrolls when taking damage. [potion of mutation]
 58084 | Zot:5    | Lost mutation: You have sharp toenails. [potion of
                  | mutation]
 58084 | Zot:5    | Lost mutation: You are clumsy. (Dex -2) [potion of
                  | mutation]
 58084 | Zot:5    | Gained mutation: Armour fits poorly on your strangely
                  | shaped body. [potion of mutation]
 58084 | Zot:5    | Gained mutation: You have large cloven feet. [potion of
                  | mutation]
 58085 | Zot:5    | Lost mutation: Armour fits poorly on your strangely shaped
                  | body. [potion of mutation]
 58085 | Zot:5    | Lost mutation: You have large cloven feet. [potion of
                  | mutation]
 58085 | Zot:5    | Gained mutation: You possess an exceptional clarity of
                  | mind. [potion of mutation]
 58441 | Zot:5    | Noticed an orb of fire
 58442 | Zot:5    | Gained mutation: Your flesh is cold resistant. (rC+) [an
                  | orb of fire]
 58476 | Zot:5    | Gained mutation: Your magical capacity is low. (-10% MP)
                  | [an orb of fire]
 58482 | Zot:5    | Killed an orb of fire
 58744 | Zot:5    | Noticed an orb of fire
 58862 | Zot:5    | Gained mutation: You are strong-willed. (Will+) [an orb of
                  | fire]
 58890 | Zot:5    | Killed an orb of fire
 59036 | Zot:5    | Got the Orb of Zot
 59269 | Depths:2 | Noticed Jayxt the pandemonium lord
 59283 | Depths:2 | Killed Jayxt the pandemonium lord
 59421 | D:12     | Noticed Ubus the pandemonium lord
 59478 | D:9      | Received a gift from Trog
 59686 | D:$      | Escaped with the Orb!

Illustrated notes

Levels and vault maps discovered:
D:1:      tarquinn_simple_flora_water_f, layout_basic
D:2:      layout_loops_ring, basic_altar, shapermc_ecumenical_altar_acropolis,
          kennysheep_cross_room, minmay_joined_circles, uniq_jessica
D:3:      layout_loops_ring
D:4:      layout_cave_pods, mainiacjoe_overflow_brackets,
          minmay_temple_entry_glass, uniq_ijyb
D:5:      layout_rooms, minitemple, gammafunk_temple_overflow_pools,
          mainiacjoe_sewer_entry_somewhere_in_here_2, uniq_menkaure,
          uniq_sigmund
D:6:      layout_basic, lemuel_coloured_pillars_altar, general_overflow_altar,
          enter_ossuary_5, uniq_duvessa
D:7:      cheibrodos_shockbox, layout_loops_cross, lemuel_round_altar,
          uniq_joseph
D:8:      argonaut_augean_stables, layout_basic, dreamdust_gnoll_shepherd,
          uniq_jeremiah, uniq_maggie
D:9:      layout_loops_ring, kennysheep_orc_monster_closet_entryway,
          minivault_11
D:10:     layout_loops_ring, grunt_lair_entry_orc_guard_hut, nicolae_the_louvre,
          uniq_urug
D:11:     layout_loops_ring, portal_ice_cave_entry_ice_simulacra,
          water_maze_lemuel, uniq_sonja
D:12:     layout_loops_corners, trove_entry_hex_spiral, uniq_nergalle,
          uniq_jorgrun
D:13:     layout_loops_ring, grunt_ministairs_12, columned_hall_lemuel
D:14:     layout_irregular_city, grunt_vaults_entry_fortified
D:15:     gammafunk_depths_entry_grave, layout_cross,
          nicolae_sif_muna_condensation, tso_metal_star
Temple:   hellmonk_temple_divided_pantheon
Lair:1:   layout_misc_corridors, grunt_megastairs_4
Lair:2:   layout_hall_layers, nicolae_spider_entry_non_spiders,
          kennysheep_abandoned_house, grunt_megastairs_2
Lair:3:   layout_misc_corridors, mainiacjoe_shoals_entry_four_pools,
          chequers_serial_rivers_room_a
Lair:4:   layout_cave_shapes, minmay_slime_entry_eyes, gammafunk_ghost_hive,
          bobbens_dragon_lair_wall, infiniplex_staircase_pool
Lair:5:   minmay_lair_end_enchanted_forest, layout_cave_pods,
          lemuel_fruit_fields
Shoals:1: layout_shoals, gammafunk_ghost_split
Shoals:2: layout_shoals, yaktaur_hedge
Shoals:3: cheibrodos_shoals_baths, layout_shoals, nicolae_shop_clearance,
          uniq_polyphemus, uniq_donald, uniq_nikola, uniq_ilsuiw, uniq_mara
Shoals:4: shoals_end_hellmonk_lost_city
Spider:1: nicolae_spider_hilbert_zone_1 [nicolae_spider_hilbert_4_sides_1_open,
          nicolae_spider_hilbert_4_sides_1_open,
          nicolae_spider_hilbert_4_sides_1_open,
          nicolae_spider_hilbert_4_sides_1_open,
          nicolae_spider_hilbert_3_sides_1_open,
          nicolae_spider_hilbert_3_sides_1_open,
          nicolae_spider_hilbert_3_sides_1_open,
          nicolae_spider_hilbert_3_sides_1_open,
          nicolae_spider_hilbert_3_sides_1_open,
          nicolae_spider_hilbert_6_sides_1_open,
          nicolae_spider_hilbert_6_sides_1_open,
          nicolae_spider_hilbert_3_sides_1_open,
          nicolae_spider_hilbert_3_sides_1_open,
          nicolae_spider_hilbert_3_sides_1_open,
          nicolae_spider_hilbert_3_sides_1_open,
          nicolae_spider_hilbert_2_sides_1_open], special_room
          [special_room_bee], drop_trap, uniq_louise
Spider:2: layout_chambers, drop_trap
Spider:3: layout_spider_delve, uniq_aizul, uniq_mlioglotl, uniq_arachne
Spider:4: guppyfry_spider_rune
Orc:1:    layout_caves
Orc:2:    st_orc_open, layout_caves, basic_altar, gammafunk_ghost_cemetery,
          mines5_lemuel
Elf:1:    eino_elf_arrival_the_gate, layout_loops_corners, serial_shops,
          nicolae_diamond_shop, hangedman_elf_disciples, lemuel_upstairs_altar,
          minmay_shop_star
Elf:2:    nicolae_elf_blades_crystal_corner, layout_loops_ring, minivault_24
Elf:3:    minmay_elf_hall_statues, layout_loops_cross, serial_shops, shop
Vaults:1: grunt_vaults_hallway_long, nicolae_vaults_mini_display_case,
          nicolae_vaults_little_squares_4, hangedman_vaults_pinch,
          vaults_room_boxed, v_rooms_5, v_alt_pattern_6, v_misc_12,
          nicolae_vaults_storing_the_good_stuff, ontoclasm_vaults_twist,
          layout_vaults_ring
Vaults:2: vaults_room_glass_cross, nicolae_vaults_trapezoid_3,
          nicolae_vaults_spaceships, vaults_room_pool,
          minmay_crypt_entry_simple_sparse, v_misc_28, ontoclasm_vaults_eye,
          nicolae_vaults_network_periphery, nicolae_vaults_sesquioval_fish,
          nicolae_vaults_closet_pinwheel_4, nicolae_vaults_tetromino_L_1,
          vaults_room_semicircle, nicolae_vaults_double_plus_1,
          layout_vaults_quadrants, serial_shops, shop
Vaults:3: nicolae_vaults_taking_the_gang_shopping, nicolae_vaults_theta,
          nicolae_vaults_tetromino_L_1, v_alt_pattern_2,
          nicolae_vaults_network_s, nicolae_vaults_diamond_1, v_misc_8,
          nicolae_vaults_little_ls, nicolae_vaults_circle_grid_b,
          ontoclasm_vaults_ring_small, grunt_vaults_funnel,
          layout_vaults_big_cross, serial_shops,
          nicolae_shop_tiny_statue_garden, uniq_boris
Vaults:4: gammafunk_ghost_crypt, vaults_standard_mumra_enter_the_diamond,
          hangedman_vaults_nodes, nicolae_vaults_closet_pinwheel_1,
          st_hourglassy, v_misc_11, dpeg_vaults_monster_row,
          ontoclasm_vaults_ligature, v_misc_27, grunt_vaults_hallway_long,
          vaults_room_stairs_pillars, ontoclasm_vaults_ring_square,
          nicolae_vaults_offset_grid_hallway_3, layout_vaults_maze,
          serial_shops, nicolae_shop_real_fake_doors
Vaults:5: serial_shops
Depths:1: nzn_winding_woodlands_cross
          [nzn_winding_woodlands_5x15_river_crossing,
          nzn_winding_woodlands_5x15_pockets,
          nzn_winding_woodlands_5x15_crooked,
          nzn_winding_woodlands_5x15_concentric,
          nzn_winding_woodlands_15x15_thick_spiral], layout_gridville,
          hell_entry, serial_shops, shop, minmay_crystal_room,
          nicolae_danse_macabre, minmay_shop_grove
Depths:2: kennysheep_demon_jail, layout_gridlike, minmay_hedge_maze, pan_entry,
          hell_entry, serial_bayou_shore_b, minmay_shoptagon,
          serial_bayou_shore_a
Depths:3: gammafunk_its_a_trap, layout_cave_shapes, enter_ziggurat_e,
          gammafunk_ghost_split, hell_entry, infiniplex_staircase_zigzag_1,
          abyss_entry, roderic_lattice_a, minmay_guarded_unrand_mage
Depths:4: evilmike_zot_entry_basic, layout_honeycomb, basic_altar,
          grunt_hell_entry_dis_mu, serial_bayou_shore_b
Zot:1:    layout_concentric_octagons, hangedman_zot_decor_checkerboard
Zot:2:    kennysheep_oblong_rooms, layout_misc_corridors
Zot:3:    layout_onion_interference, regret_index_zotdec_dark_gr,
          skrybe_zot_glass_3
Zot:4:    layout_gridville, regret_index_zot_stipple_split, zot_minivault_1
Zot:5:    layout_gridlike, gammafunk_ghost_berserking_beasts

Skill      XL: |  1  2  3  4  5  6  7  8  9 10 11 12 13 14 15 16 17 18 19 20 21 22 23 24 25 |
---------------+----------------------------------------------------------------------------+-----
Fighting       | 4 5 6 7 8 9 10 11 13 14 15 16 17 18 19 20 21 22 23 24 | 24.1
Axes           | 4 5 6 7 9 10 12 13 14 15 16 17 18 19 20 21 22 23 24 25 | 25.5
Armour         | 1 2 3 4 5 6 7 9 10 12 13 14 16 17 18 19 20 21 22 23 | 23.8
Dodging        | 4 5 6 7 8 9 10 11 12 13 14 15 16 17 | 17.4
Throwing       | 1 2 3 4 5 6 7 8 9 10 11 12 13 14 15 | 15.8
Evocations     | 2 4 5 6 7 8 9 10 11 12 13 14 15 16 | 16.4
Shields        | 3 5 7 8 9 10 11 12 13 14 15 16 | 16.3
Stealth        | 2 4 5 6 8 10 13 14 | 14.3

Action                     |  1- 3 |  4- 6 |  7- 9 | 10-12 | 13-15 | 16-18 | 19-21 | 22-24 | 25-27 || total
---------------------------+-------+-------+-------+-------+-------+-------+-------+-------+-------++-------
  Melee: Hand axe          |    11 |       |       |       |       |       |       |       |       ||    11
         Headbutt          |     9 |    13 |    43 |   139 |   283 |   351 |   353 |   470 |   160 ||  1821
         Broad axe         |    54 |    86 |   204 |   457 |   989 |  1282 |  1237 |  1343 |   422 ||  6074
         Unarmed           |       |       |       |       |       |       |    66 |       |       ||    66
  Throw: Dart              |       |       |       |       |       |     4 |       |       |       ||     4
 Invoke: Berserk           |       |       |     5 |     7 |    15 |     7 |     4 |     6 |       ||    44
         Trog's Hand       |       |       |       |     2 |     2 |     8 |     4 |    11 |       ||    27
         Brothers in Arms  |       |       |       |       |     1 |     4 |     2 |     4 |     2 ||    13
Ability: Evoke Invisibilit |       |       |       |       |       |     1 |       |       |       ||     1
  Evoke: Wand              |       |       |     2 |    15 |     3 |    16 |       |     3 |       ||    39
         Box of beasts     |       |       |       |       |     1 |     3 |     3 |     1 |     1 ||     9
         Phantom mirror    |       |       |       |       |       |       |       |     1 |       ||     1
    Use: Scroll            |       |       |    14 |     2 |    16 |    18 |     7 |    10 |     3 ||    70
         Potion            |       |       |       |     2 |     1 |     9 |     5 |    13 |    15 ||    45
   Stab: Paralysed         |       |       |       |    15 |       |       |       |       |       ||    15
         Distracted        |       |       |       |       |     1 |       |     2 |     4 |     2 ||     9
         Confused          |       |       |       |       |       |     1 |     6 |     2 |       ||     9
         Invisible         |       |       |       |       |       |    16 |       |     1 |    10 ||    27
         Sleeping          |       |       |       |       |       |     1 |       |       |       ||     1
 Armour: Leather armour    |    27 |    48 |   130 |   192 |       |       |       |       |       ||   397
         Crystal plate arm |       |       |       |   117 |  1085 |  1278 |   806 |   836 |   212 ||  4334
         Skin              |       |       |       |       |       |       |    27 |       |       ||    27
  Dodge: Dodged            |    34 |    57 |   147 |   221 |   358 |   507 |   438 |   766 |   129 ||  2657
  Block: Kite shield       |       |       |       |       |       |   649 |   812 |  1137 |   229 ||  2827
         Reflection        |       |       |       |       |       |    38 |    77 |    36 |     7 ||   158
         Other             |       |       |       |       |       |       |    10 |       |       ||    10

Table legend: (Time is in decaauts)
 A = Elapsed time spent in this place.
 B = Non-inter-level travel time spent in this place.
 C = Inter-level travel time spent in this place.
 D = Time resting spent in this place.
 E = Time spent auto-exploring this place.
 F = Levels seen in this place.
 G = Mean time per level.
                   A        B        C        D        E       F      G
               +--------+--------+--------+--------+--------+-----+--------+
         Total |  58995 |  53623 |   5372 |   6357 |  35550 |  51 | 1156.8 |
       Dungeon |  18273 |  16078 |   2195 |   1835 |  11670 |  15 | 1218.2 |
        Temple |     43 |     26 |     17 |      0 |      0 |   1 |   43.0 |
          Lair |   5351 |   4893 |    458 |    301 |   3740 |   5 | 1070.2 |
        Shoals |   4889 |   4707 |    182 |    808 |   2672 |   4 | 1222.2 |
   Spider Nest |   4865 |   4434 |    431 |    391 |   3011 |   4 | 1216.2 |
  Orcish Mines |   1401 |   1305 |     96 |    215 |    813 |   2 |  700.5 |
   Elven Halls |   2965 |   2793 |    172 |     15 |   2114 |   3 |  988.3 |
        Vaults |   7996 |   7256 |    740 |    832 |   4811 |   5 | 1599.2 |
        Depths |   5041 |   4490 |    551 |     63 |   3502 |   4 | 1260.2 |
           Zot |   6263 |   5737 |    526 |   1164 |   2697 |   5 | 1252.6 |
         Sewer |    420 |    420 |      0 |     29 |    262 |   1 |  420.0 |
       Ossuary |    434 |    434 |      0 |    204 |    149 |   1 |  434.0 |
      Ice Cave |   1049 |   1049 |      0 |    497 |    107 |   1 | 1049.0 |
               +--------+--------+--------+--------+--------+-----+--------+

Top non-repeatable levels by time:
   Zot:5: 2432 daAuts
     D:8: 2167 daAuts
Vaults:4: 1912 daAuts
   Zot:4: 1821 daAuts
Vaults:2: 1779 daAuts
Vaults:5: 1635 daAuts
    D:12: 1611 daAuts
    D:14: 1525 daAuts
Shoals:3: 1522 daAuts
     D:7: 1512 daAuts
    D:10: 1496 daAuts
    D:13: 1475 daAuts
Depths:1: 1458 daAuts
Spider:2: 1440 daAuts
Vaults:1: 1406 daAuts
